BSA
BAFFIN ISLAND BEAVERS @ NASSAU ROCKETS
05/29/2026
 
TOP OF THE 1ST
Baffin Island Beavers batting - Pitching for Nassau Rockets : LHP Gianluigi Ciottone
Pitching: LHP Gianluigi Ciottone
Batting: RHB Dave Craig 0-0: Ball
1-0: Ball
2-0: Ball
3-0: Called Strike
3-1: Base on Balls
Batting: LHB Jeff Cole 0-0: Swinging Strike
0-1: Ball
1-1: Foul Ball, location: 2F
1-2: Ball
2-2: Ball
3-2: Base on Balls
Dave Craig to second
Batting: SHB Alonso Ferreira 0-0: Ball
1-0: Ball
2-0: Foul Ball, location: 2F
2-1: Ball
3-1: Grounds into double play, 6-4-3 (Groundball, 6D)
Dave Craig to third
Batting: RHB Tony Morton 0-0: Ball
1-0: Foul Ball, location: 2F
1-1: Foul Ball, location: 2F
1-2: Foul Ball, location: 2F
1-2: Ball
2-2: Ball
3-2: Base on Balls
Batting: LHB Chris Bates 0-0: Ball
1-0: Foul Ball, location: 2F
1-1: Foul Ball, location: 2F
1-2: Ball
2-2: Ground out 4-3 (Groundball, 4)
Top of the 1st over - 0 run(s), 0 hit(s), 0 error(s), 2 left on base; Baffin Island 0 - Nassau 0
BOTTOM OF THE 1ST
Nassau Rockets batting - Pitching for Baffin Island Beavers : LHP Jaime Guzmán
Pitching: LHP Jaime Guzmán
Batting: SHB Howard Parker 0-0: Bunt for hit - play at first, batter safe!
Batting: RHB Francisco Rincón 0-0: Swinging Strike
0-1: Swinging Strike
0-2: Ball
1-2: Ground out 6-3 (Groundball, 6MS)
Howard Parker to second
Batting: LHB Andrew Alvarado 0-0: Ball
1-0: Ball
2-0: Foul Ball, location: 2F
2-1: Ball
Reached via error on a dropped throw, E1
Howard Parker to third
Batting: LHB Doug Thompson 0-0: Ball
1-0: Foul Ball, location: 2F
1-1: Ball
2-1: Foul Ball, location: 2F
2-2: Foul Ball, location: 2F
2-2: Foul Ball, location: 2F
2-2: DOUBLE (Line Drive, 9LM)
Howard Parker scores
Andrew Alvarado to third
Batting: LHB Don Ramey 0-0: Ball
1-0: Foul Ball, location: 2F
1-1: Ball
2-1: DOUBLE (Line Drive, 8LM)
Andrew Alvarado scores
Doug Thompson scores
Batting: RHB José Hernández 0-0: DOUBLE (Flyball, 9LS)
Don Ramey scores
Batting: RHB Yaichiro Sugahara 0-0: Ball
1-0: Ball
2-0: Ball
3-0: Base on Balls
Batting: RHB Pete Harvey 0-0: Ball
1-0: Ball
2-0: Grounds into double play, 5-4-3 (Groundball, 5)
Bottom of the 1st over - 4 run(s), 4 hit(s), 1 error(s), 1 left on base; Baffin Island 0 - Nassau 4
TOP OF THE 2ND
Baffin Island Beavers batting - Pitching for Nassau Rockets : LHP Gianluigi Ciottone
Batting: LHB Lorenzo Villa 0-0: Ball
1-0: Called Strike
1-1: Foul Ball, location: 2F
1-2: Ball
2-2: Ball
3-2: SINGLE (Flyball, 89S)
Batting: LHB Keng-chi Lao 0-0: Ball
1-0: Fly out, F4 (Popup, 8RS)
Batting: RHB Luis González 0-0: Ball
1-0: Called Strike
1-1: Grounds into double play, 6-4-3 (Groundball, 6)
Top of the 2nd over - 0 run(s), 1 hit(s), 0 error(s), 0 left on base; Baffin Island 0 - Nassau 4
BOTTOM OF THE 2ND
Nassau Rockets batting - Pitching for Baffin Island Beavers : LHP Jaime Guzmán
Batting: LHB Rafael Delgado 0-0: Foul Ball, location: 2F
0-1: Foul Ball, location: 2F
0-2: Ball
1-2: Strikes out swinging
Batting: SHB Howard Parker 0-0: Foul Ball, location: 2F
0-1: Ball
1-1: Foul Ball, location: 2F
1-2: Ground out 4-3 (Groundball, 4)
Batting: RHB Francisco Rincón 0-0: Called Strike
0-1: Called Strike
0-2: Ball
1-2: Strikes out looking
Bottom of the 2nd over - 0 run(s), 0 hit(s), 0 error(s), 0 left on base; Baffin Island 0 - Nassau 4
TOP OF THE 3RD
Baffin Island Beavers batting - Pitching for Nassau Rockets : LHP Gianluigi Ciottone
Batting: LHB Mario García 0-0: Ball
1-0: Called Strike
1-1: Swinging Strike
1-2: Foul Ball, location: 2F
1-2: Ball
2-2: Strikes out swinging
Batting: RHB Dave Craig 0-0: Ground out 1-3 (Groundball, 15)
Batting: LHB Jeff Cole 0-0: Ground out U3 (Groundball, 3)
Top of the 3rd over - 0 run(s), 0 hit(s), 0 error(s), 0 left on base; Baffin Island 0 - Nassau 4
BOTTOM OF THE 3RD
Nassau Rockets batting - Pitching for Baffin Island Beavers : LHP Jaime Guzmán
Batting: LHB Andrew Alvarado 0-0: Ball
1-0: Ball
2-0: SOLO HOME RUN (Flyball, 9D), Distance : 341 ft
Batting: LHB Doug Thompson 0-0: Ball
1-0: Called Strike
1-1: Swinging Strike
1-2: Foul Ball, location: 2F
1-2: Ball
2-2: Ball
3-2: Strikes out looking
Batting: LHB Don Ramey 0-0: Foul Ball, location: 2F
0-1: Ball
1-1: Ball
2-1: SINGLE (Line Drive, 6MD)
Batting: RHB José Hernández 0-0: Foul Ball, location: 2F
0-1: Ball
1-1: Ball
2-1: Foul Ball, location: 2F
2-2: Ball
Don Ramey is caught stealing 2nd base
3-2: Ground out 5-3 (Groundball, 56)
Bottom of the 3rd over - 1 run(s), 2 hit(s), 0 error(s), 0 left on base; Baffin Island 0 - Nassau 5
TOP OF THE 4TH
Baffin Island Beavers batting - Pitching for Nassau Rockets : LHP Gianluigi Ciottone
Batting: SHB Alonso Ferreira 0-0: Swinging Strike
0-1: Ball
1-1: Ball
2-1: Ball
3-1: Fly out, F3 (Line Drive, 3)
Batting: RHB Tony Morton 0-0: Foul Ball, location: 2F
0-1: Foul Ball, location: 2F
0-2: Foul Ball, location: 2F
0-2: Ground out 4-3 (Groundball, 34)
Batting: LHB Chris Bates 0-0: Ball
1-0: Called Strike
1-1: Called Strike
1-2: SOLO HOME RUN (Flyball, 9LD), Distance : 332 ft
Batting: LHB Lorenzo Villa 0-0: Called Strike
0-1: Ball
1-1: Swinging Strike
1-2: Ball
2-2: Ball
3-2: Fly out, F9 (Flyball, 9D)
Top of the 4th over - 1 run(s), 1 hit(s), 0 error(s), 0 left on base; Baffin Island 1 - Nassau 5
BOTTOM OF THE 4TH
Nassau Rockets batting - Pitching for Baffin Island Beavers : LHP Jaime Guzmán
Batting: RHB Yaichiro Sugahara 0-0: Foul Ball, location: 2F
0-1: Swinging Strike
0-2: Ball
1-2: SINGLE (Groundball, 6MD)
Batting: RHB Pete Harvey 0-0: Grounds into double play, U4-3 (Groundball, 4)
Batting: LHB Rafael Delgado 0-0: Called Strike
0-1: Called Strike
0-2: Ball
1-2: Ball
2-2: Hit by Pitch
Batting: SHB Howard Parker 0-0: Fly out, F9 (Line Drive, 89S)
Bottom of the 4th over - 0 run(s), 1 hit(s), 0 error(s), 1 left on base; Baffin Island 1 - Nassau 5
TOP OF THE 5TH
Baffin Island Beavers batting - Pitching for Nassau Rockets : LHP Gianluigi Ciottone
Batting: LHB Keng-chi Lao 0-0: Ball
1-0: Swinging Strike
1-1: Ball
2-1: Foul Ball, location: 2F
2-2: Ball
3-2: Base on Balls
Batting: RHB Luis González 0-0: Ball
1-0: SINGLE (Line Drive, 4MD)
Keng-chi Lao to second
Batting: LHB Mario García 0-0: Swinging Strike
0-1: Fly out, F5 (Popup, 5SF)
Batting: RHB Dave Craig 0-0: Called Strike
0-1: Called Strike
0-2: Grounds into double play, 6-4-3 (Groundball, 6)
Top of the 5th over - 0 run(s), 1 hit(s), 0 error(s), 1 left on base; Baffin Island 1 - Nassau 5
BOTTOM OF THE 5TH
Nassau Rockets batting - Pitching for Baffin Island Beavers : LHP Jaime Guzmán
Batting: RHB Francisco Rincón 0-0: Called Strike
0-1: Swinging Strike
0-2: Ball
1-2: Strikes out looking
Batting: LHB Andrew Alvarado 0-0: Ball
1-0: Ball
2-0: Ball
3-0: Called Strike
3-1: Called Strike
3-2: Strikes out swinging
Batting: LHB Doug Thompson 0-0: Ground out 6-3 (Groundball, 6)
Bottom of the 5th over - 0 run(s), 0 hit(s), 0 error(s), 0 left on base; Baffin Island 1 - Nassau 5
TOP OF THE 6TH
Baffin Island Beavers batting - Pitching for Nassau Rockets : LHP Gianluigi Ciottone
Batting: LHB Jeff Cole 0-0: Foul Ball, location: 2F
0-1: Ball
1-1: Foul Ball, location: 2F
1-2: Ball
2-2: Foul Ball, location: 2F
2-2: Foul Ball, location: 2F
2-2: SINGLE (Line Drive, 8LS)
Batting: SHB Alonso Ferreira 0-0: Ball
1-0: Foul Ball, location: 2F
1-1: Ball
2-1: Ball
3-1: Base on Balls
Jeff Cole to second
Batting: RHB Tony Morton 0-0: Ball
1-0: Ball
2-0: Fly out, F7 (Line Drive, 78M)
Batting: LHB Chris Bates 0-0: Ball
1-0: Ball
2-0: Ball
3-0: Called Strike
3-1: 3-RUN HOME RUN (Flyball, 9D), Distance : 352 ft
Batting: LHB Lorenzo Villa 0-0: Foul Ball, location: 2F
0-1: Ball
1-1: Ground out 4-3 (Groundball, 4)
Batting: LHB Keng-chi Lao 0-0: Ball
1-0: Fly out, F3 (Popup, 3S)
Top of the 6th over - 3 run(s), 2 hit(s), 0 error(s), 0 left on base; Baffin Island 4 - Nassau 5
BOTTOM OF THE 6TH
Nassau Rockets batting - Pitching for Baffin Island Beavers : LHP Jaime Guzmán
Batting: LHB Don Ramey 0-0: Ball
1-0: Ball
2-0: Ball
3-0: Called Strike
3-1: Base on Balls
Pitching: RHP Juan Gonzáles
Batting: RHB José Hernández 0-0: Ball
1-0: Ball
2-0: Swinging Strike
2-1: Ground out 5-3 (Groundball, 56S)
Don Ramey to second
Batting: RHB Yaichiro Sugahara 0-0: SINGLE (Groundball, 4MD)
Don Ramey to third
Runner from 3rd tries for Home, SAFE, no throw or cutoff
Batting: RHB Pete Harvey 0-0: Called Strike
Pickoff Throw by Catcher to First - Error! E2
Yaichiro Sugahara to second
0-1: Called Strike
0-2: Foul Ball, location: 2F
0-2: Ball
1-2: Ball
2-2: Strikes out swinging
Batting: LHB Rafael Delgado 0-0: Ground out 5-3 (Groundball, 6S)
Bottom of the 6th over - 1 run(s), 1 hit(s), 1 error(s), 1 left on base; Baffin Island 4 - Nassau 6
TOP OF THE 7TH
Baffin Island Beavers batting - Pitching for Nassau Rockets : LHP Gianluigi Ciottone
Pitching: RHP Juan Franco
Batting: RHB Luis González 0-0: Foul Ball, location: 2F
0-1: Foul Ball, location: 2F
0-2: Ground out 6-3 (Groundball, 6)
Batting: LHB Mario García 0-0: Ground out 4-3 (Groundball, 4)
Batting: RHB Dave Craig 0-0: Ball
1-0: Ground out 5-3 (Groundball, 5)
Top of the 7th over - 0 run(s), 0 hit(s), 0 error(s), 0 left on base; Baffin Island 4 - Nassau 6
BOTTOM OF THE 7TH
Nassau Rockets batting - Pitching for Baffin Island Beavers : RHP Juan Gonzáles
Batting: SHB Howard Parker 0-0: Ball
1-0: Called Strike
1-1: Ball
2-1: Foul Ball, location: 2F
2-2: SINGLE (Flyball, 8RS)
Batting: RHB Francisco Rincón 0-0: Sac Bunt - play at first, batter OUT! 1-4
Howard Parker to second
Pitching: LHP José Bamuelos
Batting: LHB Andrew Alvarado 0-0: Called Strike
0-1: Called Strike
0-2: Strikes out swinging
Batting: LHB Doug Thompson 0-0: Ball
1-0: Swinging Strike
1-1: SINGLE (Groundball, 4MD)
Howard Parker to third
Runner from 3rd tries for Home, SAFE, no throw or cutoff
Pitching: LHP Manuel Parra
Batting: LHB Don Ramey 0-0: Called Strike
0-1: Ball
1-1: Swinging Strike
1-2: Fly out, F6 (Popup, 5D)
Bottom of the 7th over - 1 run(s), 2 hit(s), 0 error(s), 1 left on base; Baffin Island 4 - Nassau 7
TOP OF THE 8TH
Baffin Island Beavers batting - Pitching for Nassau Rockets : RHP Juan Franco
Batting: LHB Jeff Cole 0-0: Called Strike
0-1: Called Strike
0-2: SOLO HOME RUN (Flyball, 8RXD), Distance : 435 ft
Batting: SHB Alonso Ferreira 0-0: Ball
1-0: Called Strike
1-1: Foul Ball, location: 2F
1-2: SINGLE (Groundball, 4MD)
Pitching: RHP Nolan Baker
Batting: RHB Tony Morton 0-0: Fly out, F4 (Popup, 34D)
Pitching: LHP Kai-ge Hui
Batting: LHB Chris Bates 0-0: Ball
1-0: Ball
2-0: Ball
3-0: Base on Balls
Alonso Ferreira to second
Batting: LHB Lorenzo Villa 0-0: Ball
1-0: Ball
2-0: Ball
3-0: Base on Balls
Alonso Ferreira to third
Chris Bates to second
Pitching: RHP José García
Batting: LHB Keng-chi Lao 0-0: Called Strike
0-1: Swinging Strike
0-2: Ball
1-2: Foul Ball, location: 2F
1-2: Ball
2-2: Foul Ball, location: 2F
2-2: Strikes out swinging
Batting: RHB Luis González 0-0: Called Strike
0-1: Ball
1-1: Ball
2-1: Ball
3-1: Base on Balls
Alonso Ferreira scores
Chris Bates to third
Lorenzo Villa to second
Batting: LHB Mario García 0-0: Ball
1-0: Fly out, F7 (Line Drive, 7M)
Top of the 8th over - 2 run(s), 2 hit(s), 0 error(s), 3 left on base; Baffin Island 6 - Nassau 7
BOTTOM OF THE 8TH
Nassau Rockets batting - Pitching for Baffin Island Beavers : LHP Manuel Parra
Batting: RHB José Hernández 0-0: Ground out 4-3 (Groundball, 4)
Batting: RHB Yaichiro Sugahara 0-0: Fly out, F8 (Flyball, 8LD)
Batting: RHB Pete Harvey 0-0: Foul Ball, location: 2F
0-1: Swinging Strike
0-2: Ball
1-2: Ball
2-2: Strikes out swinging
Bottom of the 8th over - 0 run(s), 0 hit(s), 0 error(s), 0 left on base; Baffin Island 6 - Nassau 7
TOP OF THE 9TH
Baffin Island Beavers batting - Pitching for Nassau Rockets : RHP José García
Pitching: RHP Terry Adams
Batting: RHB Dave Craig 0-0: Foul Ball, location: 2F
0-1: Ground out 6-3 (Groundball, 6)
Batting: LHB Jeff Cole 0-0: Ball
1-0: Fly out, F5 (Popup, 56S)
Batting: SHB Alonso Ferreira 0-0: Ball
1-0: Foul Ball, location: 2F
1-1: Ground out 3-1 (Groundball, 34)
Top of the 9th over - 0 run(s), 0 hit(s), 0 error(s), 0 left on base; Baffin Island 6 - Nassau 7
Monday, December 5th, 2016 - OOTP Baseball 17.12 Build 75